 Dungeon Crawl Stone Soup version 0.20-a0-1016-g241539b (webtiles) character file.

7009 useraccount the Anamnesiscian (level 10, -4/67 HPs)
             Began as a Demonspawn Monk on Apr 15, 2017.
             Was an Elder of Hepliaklqana.
             Slain by a deep troll (14 damage)
             ... on level 9 of the Dungeon.
             The game lasted 00:09:25 (8308 turns).

useraccount the Anamnesiscian (Demonspawn Monk)     Turns: 8308, Time: 00:09:26

Health: -4/67      AC: 17    Str: 17    XL:     10   Next: 82%
Magic:  18/18      EV: 13    Int: 12    God:    Hepliaklqana [****..]
Gold:   660        SH:  0    Dex: 15    Spells: 9/9 levels left

rFire    + . .     SeeInvis .     - Unarmed
rCold    . . .     Gourm    +   (no shield)
rNeg     . . .     Faith    .   B - +0 scale mail
rPois    .         Spirit   .   q - +2 helmet
rElec    .         Reflect  .   d - +2 cloak
rCorr    .         Harm     .   s - +0 pair of gloves
MR       .....                  (no boots)
Stlth    +.........             h - amulet of the gourmand
Regen    0.3/turn               c - +2 ring of strength
MPRegen  0.2/turn               (no ring)

@: no status effects
A: reduced essence, talons 1, rugged brown scales 2, fire resistance 1, spiny 1,
flame cloud immunity
a: Recall Ancestor, Ancestor Identity, Transference, Idealise, Renounce Religion


You were on level 9 of the Dungeon.
You worshipped Hepliaklqana.
Hepliaklqana was greatly pleased with you.
You were completely stuffed.

You visited 1 branch of the dungeon, and saw 10 of its levels.

You collected 660 gold pieces.

Inventory:

Hand Weapons
 a - a +1 flail of draining
Armour
 d - a +2 cloak (worn)
 q - a +2 helmet (worn)
 s - a +0 pair of gloves (worn)
 B - a +0 scale mail (worn)
Jewellery
 c - a +2 ring of strength (left hand)
 h - an amulet of the gourmand (around neck)
Wands
 D - a wand of lightning (1/15)
Scrolls
 e - 3 scrolls of identify
 f - 4 scrolls of enchant armour {unknown}
 g - 2 scrolls of random uselessness {unknown}
 i - 3 scrolls of fog {unknown}
 k - 6 scrolls of enchant weapon
 l - 3 scrolls of remove curse
 m - 2 scrolls of recharging {unknown}
 n - 5 scrolls of teleportation {unknown}
 x - a scroll of amnesia {unknown}
 E - a scroll of noise {unknown}
 H - 3 scrolls of magic mapping {unknown}
Potions
 j - 4 potions of curing
 p - 2 potions of agility
 t - 2 potions of ambrosia
 v - 7 potions of flight
 z - 2 potions of mutation {unknown}
 A - 2 potions of lignification {unknown}
 C - 3 potions of haste {unknown}
 F - 2 potions of heal wounds {unknown}
 G - 2 potions of berserk rage {unknown}
 J - a potion of brilliance
Books
 w - a book of Changes

   Spells                             Type                      Level
   a - Beastly Appendage              Transmutation                1
   b - Sticks to Snakes               Transmutation                2
   c - Spider Form                    Transmutation/Poison         3
   d - Ice Form                       Ice/Transmutation            4
   e - Blade Hands                    Transmutation                5
 y - a book of Party Tricks

   Spells                             Type                      Level
   a - Summon Butterflies             Summoning                    1
   b - Apportation                    Translocation                1
   c - Lesser Beckoning               Translocation                3
   d - Tukima's Dance                 Hexes                        3
   e - Alistair's Intoxication        Transmutation/Poison         5
   f - Invisibility                   Hexes                        6
Comestibles
 b - 8 bread rations
 o - 3 fruits
 r - 5 meat rations
 u - 5 royal jellies
 I - 4 chunks of flesh


   Skills:
 - Level 4.0 Fighting
 - Level 7.0 Armour
 + Level 6.9 Dodging
 - Level 4.0 Stealth
 + Level 9.0 Unarmed Combat
 + Level 11.3 Invocations


You had 9 spell levels left.
You didn't know any spells.

Dungeon Overview and Level Annotations

Branches:
Dungeon (10/15)            Temple (0/1) D:7            Lair (0/6) D:8
    Orc: D:9-12

Altars:
Cheibriados
Dithmenos
Fedhas
Hepliaklqana
Okawaru
Vehumet
Wu Jian
Xom
Zin

Shops:
D:6 (


Innate Abilities, Weirdness & Mutations

You have sharp toenails.
You are mostly covered in rugged brown scales. (AC +2, +5% HP)
Your flesh is heat resistant. (rF+)
You are partially covered in sharp spines.
You are immune to clouds of flame.
Your life essence is reduced. (-10% HP)


Message History

The deep troll bites you but does no damage.
The deep troll claws you!
* * * LOW HITPOINT WARNING * * *
The deep troll claws you but does no damage.
You closely miss the deep troll.
You claw the deep troll, but do no damage.
The deep troll is severely wounded.
You hit the deep troll.
You claw the deep troll, but do no damage.
The deep troll is severely wounded.
The deep troll bites you but does no damage.
The deep troll closely misses you.
The deep troll claws you but does no damage.
Ingwe barely misses the deep troll.
You hit the deep troll.
You claw the deep troll, but do no damage.
The deep troll is severely wounded.
The deep troll is struck by your spines.
The deep troll bites you!
You die...

### ..## ...# ...# ###########
...# #....'....#
..#######....#..⌠.#
.#......#....#.⌠..#
.#.######>...#..@R# .#.#
#########T# .#.# #....# ... .#.#
#####.# ..... .#.# ##..R..#
......# R#.####...#### ......'
.R#..........#############
.###.##....##.#.##..# #.#
..#..###.#.##.#.###.####.########


You could see the friendly Ingwe the battlemage and a deep troll.

Vanquished Creatures
  2 two-headed ogres
  Grinder (D:6)
  A hippogriff (D:8)
  Sigmund (D:6)
  3 wyverns
  Duvessa (D:6)
  3 orc warriors
  2 ice beasts
  An eye of draining (D:9)
  4 ogres
  2 crocodiles (D:8)
  2 centaurs
  Dowan (D:6)
  A scorpion (D:4)
  3 howler monkeys (D:8)
  2 bullfrog zombies (D:8)
  The ghost of Lucherd the Grasshopper, a weakling SpWr (D:3)
  3 hounds
  A jelly (D:7)
  A centaur skeleton (D:4)
  4 orc priests
  Crazy Yiuf (D:7)
  An iguana (D:8)
  8 worker ants
  2 orc wizards
  A hound zombie (D:9)
  A hound skeleton (D:7)
  A worker ant zombie (D:8)
  4 adders
  A shadow imp (D:6)
  4 oozes (D:3)
  2 adder skeletons (D:4)
  2 worms (D:3)
  5 leopard geckos
  28 orcs
  2 ball pythons
  6 bats
  7 giant cockroaches
  3 goblins
  5 hobgoblins
  8 jackals
  3 quokkas
  7 frilled lizards
  10 kobolds
  A leopard gecko skeleton (D:6)
  17 rats
170 creatures vanquished.

Vanquished Creatures (collateral kills)
  A two-headed ogre (D:9)
  The ghost of Likado the Spear-Bearer, a novice DsGl of Hepliaklqana (D:9)
  A wyvern (D:8)
  A swamp drake (D:8)
  2 ice beasts
  A phantom (D:8)
  2 ogres (D:6)
  A wyvern zombie (D:8)
  A bullfrog (D:9)
  A wyvern skeleton (D:7)
  A crimson imp (D:7)
  A centaur zombie (D:6)
  An orc priest (D:10)
  A hound (D:9)
  2 orc wizards
  2 iguanas
  A worker ant (D:4)
  A hound skeleton (D:4)
  An adder (D:8)
  A shadow imp (D:6)
  2 orcs
  A jackal (D:6)
  A plant (D:5)
28 creatures vanquished.

Vanquished Creatures (others)
  2 battlemagi (D:8)
  A quokka (D:1)
  2 bushes (D:9)
  A plant (D:3)
6 creatures vanquished.

Grand Total: 204 creatures vanquished

Notes
Turn   | Place    | Note
-------+----------+-------------------------------------------
     0 | D:1      | useraccount the Demonspawn Monk began the quest for the Orb.
     0 | D:1      | Reached XP level 1. HP: 19/19 MP: 1/1
   161 | D:1      | Gained mutation: You are partially covered in rugged brown scales. (AC +1, +3% HP) [demonic ancestry]
   161 | D:1      | Reached XP level 2. HP: 18/25 MP: 2/2
   265 | D:1      | Reached skill level 1 in Unarmed Combat
  1023 | D:2      | Gained mutation: You are partially covered in sharp spines. [demonic ancestry]
  1023 | D:2      | Reached XP level 3. HP: 24/30 MP: 3/3
  1043 | D:2      | Found a shadowy altar of Dithmenos.
  1128 | D:2      | Reached skill level 1 in Armour
  1197 | D:2      | Found an iron altar of Okawaru.
  1912 | D:3      | Noticed Lucherd's ghost (weakling SpWr)
  2143 | D:3      | Reached XP level 4. HP: 38/38 MP: 4/4
  2286 | D:3      | Killed Lucherd's ghost
  2353 | D:3      | Reached XP level 5. HP: 39/43 MP: 5/5
  2536 | D:3      | Found a blossoming altar of Fedhas.
  2546 | D:3      | Found a radiant altar of Vehumet.
  2548 | D:3      | Found a glowing silver altar of Zin.
  3029 | D:4      | Found an ornate altar of the Wu Jian Council.
  3129 | D:4      | Gained mutation: Your flesh is heat resistant. (rF+) [demonic ancestry]
  3129 | D:4      | Reached XP level 6. HP: 42/49 MP: 6/6
  3334 | D:4      | Found a shimmering altar of Xom.
  3335 | D:4      | Found a hazy altar of Hepliaklqana.
  3335 | D:4      | Noticed a hell beast
  3336 | D:4      | Noticed a hell beast
  3336 | D:4      | Noticed a spectral ugly thing
  3459 | D:4      | Became a worshipper of Hepliaklqana the Forgotten
  3459 | D:4      | Reached * piety under Hepliaklqana
  3459 | D:4      | Reached ** piety under Hepliaklqana
  3462 | D:4      | Remembered your ancestor Ingwe as a battlemage
  3584 | D:4      | Reached skill level 1 in Invocations
  3785 | D:5      | Entered Level 5 of the Dungeon
  3882 | D:5      | Reached skill level 2 in Invocations
  3913 | D:5      | You fall through a shaft for 3 floors!
  3913 | D:8      | Noticed a two-headed ogre
  3926 | D:8      | Killed a two-headed ogre
  3926 | D:8      | Reached skill level 5 in Armour
  3926 | D:8      | Reached skill level 5 in Unarmed Combat
  3926 | D:8      | Reached skill level 5 in Invocations
  3926 | D:8      | Gained mutation: You are mostly covered in rugged brown scales. (AC +2, +5% HP) [demonic ancestry]
  3926 | D:8      | Reached XP level 7. HP: 41/51 MP: 6/10
  3926 | D:8      | Gained mutation: You have sharp toenails. [demonic ancestry]
  3926 | D:8      | Reached XP level 8. HP: 46/57 MP: 6/11
  4221 | D:8      | Noticed a hippogriff
  4229 | D:8      | Killed a hippogriff
  4229 | D:8      | Reached skill level 6 in Invocations
  4320 | D:8      | Reached skill level 7 in Invocations
  4853 | D:7      | Reached XP level 9. HP: 58/61 MP: 14/14
  4886 | D:6      | Noticed Duvessa
  4889 | D:6      | Noticed Sigmund
  4895 | D:6      | Noticed Dowan
  4896 | D:6      | Killed Sigmund
  4902 | D:6      | Killed Duvessa
  4906 | D:6      | Killed Dowan
  5103 | D:6      | Found Unnet's Antique Weapon Boutique.
  5149 | D:6      | Reached skill level 8 in Invocations
  5551 | D:5      | Reached *** piety under Hepliaklqana
  5892 | D:6      | Found a snail-covered altar of Cheibriados.
  6057 | D:6      | Noticed Grinder
  6072 | D:6      | Killed Grinder
  6416 | D:7      | Found a staircase to the Ecumenical Temple.
  6443 | D:7      | Reached skill level 9 in Invocations
  6521 | D:7      | Found a runed door.
  6701 | D:7      | Noticed Crazy Yiuf
  6705 | D:7      | Killed Crazy Yiuf
  6945 | D:8      | Reached skill level 5 in Dodging
  6951 | D:8      | Gained mutation: You are immune to clouds of flame. [demonic ancestry]
  6951 | D:8      | Reached XP level 10. HP: 34/67 MP: 17/17
  7132 | D:8      | Found a staircase to the Lair.
  7275 | D:8      | Reached skill level 10 in Invocations
  7643 | D:9      | Reached **** piety under Hepliaklqana
  7659 | D:9      | Noticed a two-headed ogre
  7667 | D:9      | Killed a two-headed ogre
  7719 | D:9      | Noticed a two-headed ogre
  7727 | D:9      | Killed a two-headed ogre
  7765 | D:9      | Noticed Likado's ghost (novice DsGl)
  7780 | D:9      | Killed Likado's ghost
  7780 | D:9      | Reached skill level 11 in Invocations
  8229 | D:10     | Entered Level 10 of the Dungeon
  8296 | D:9      | Noticed a deep troll
  8308 | D:9      | Slain by a deep troll

Vault maps used:
D:1:      lemuel_arrival_funnel, lemuel_another_geyser
D:2:      grunt_dithmenos_smoke, st_stairs_8, okawaru_metal_pillars_1_2
D:3:      gammafunk_temple_overflow_forgotten
D:4:      regret_index_temple_of_mockery, lemuel_coloured_pillars_altar,
          first_bread
D:5:      cheibrodos_quashed, serial_bayou_pond_a, hangedman_glass_teeth
D:6:      nicolae_overflow_crystal_walls, serial_shops, shop, uniq_duvessa,
          uniq_grinder, uniq_sigmund
D:7:      minmay_temple_entry_junction, uniq_crazy_yiuf_cottage
D:8:      erik_lair_dragon
D:9:      minmay_klotski, nicolae_overflow_hidden_temple, grunt_ogre_cave

Skill      XL: |  1  2  3  4  5  6  7  8  9 10 |
---------------+-------------------------------+-----
Unarmed Combat | 1 2 3 5 6 7 9 |  9.0
Stealth        | 4 |  4.0
Armour         | 1 2 3 5 6 7 |  7.0
Dodging        | 4 5 6 |  6.9
Invocations    | 5 7 9 11 | 11.3
Fighting       | |  4.0

Action                   |  1- 3 |  4- 6 |  7- 9 | 10-12 || total
-------------------------+-------+-------+-------+-------++-------
Melee: Unarmed           |    94 |       |    72 |   108 ||   274
       Short sword       |   130 |    80 |       |       ||   210
       Punch             |       |     4 |    11 |     8 ||    23
       Flail             |       |    74 |   101 |       ||   175
       Kick              |       |       |    57 |    43 ||   100
Invok: Recall Ancestor   |       |     1 |     1 |       ||     2
       Ancestor Life: Ba |       |     1 |       |       ||     1
  Use: Scroll            |     3 |     5 |       |       ||     8
       Potion            |       |     1 |       |       ||     1
 Stab: Sleeping          |     3 |     6 |     1 |       ||    10
       Distracted        |       |     1 |     1 |     3 ||     5
       Invisible         |       |       |     1 |       ||     1
  Eat: Chunk             |    11 |     9 |     7 |     7 ||    34
Armor: Ring mail         |    79 |    51 |    41 |       ||   171
       Scale mail        |       |       |    37 |    41 ||    78
Dodge: Dodged            |   159 |   112 |   112 |    47 ||   430
